 Dungeon Crawl Stone Soup version 0.30-a0-385-gfebfb9b408 (webtiles) character file.

Game seed: 9009918480798865805

4391 experimilk the Destroyer (level 10, -15/73 HPs)
             Began as a Red Draconian Conjurer on Dec 2, 2022.
             Was a Priest of Jiyva.
             Demolished by a death yak (24 damage)
             ... on level 8 of the Dungeon.
             The game lasted 00:28:12 (8763 turns).

experimilk the Destroyer (Red Draconian Conjurer)   Turns: 8763, Time: 00:28:13

Health: -15/73     AC: 11    Str: 17    XL:     10   Next: 13%
Magic:  3/19       EV: 11    Int: 21    God:    Jiyva [***...]
Gold:   343        SH:  0    Dex:  8    Spells: 11/21 levels left

rFire   + . .      SeeInvis .    o - +2 whip (drain)
rCold   . . .      Faith    .    (no shield)
rNeg    . . .      Spirit   .    (body armour unavailable)
rPois   .          Reflect  .    (helmet restricted)
rElec   .          Harm     .    (no cloak)
rCorr   +          Rampage  .    (no gloves)
Will    +++..      Clarity  +    (no boots)
Stlth   ++........               (no amulet)
HPRegen 1.44/turn                w - ring of wizardry
MPRegen 0.51/turn                t - +4 ring of protection

@: about to teleport
A: breathe fire, AC +7, unfitting armour, fire resistance 1, cold-blooded,
clarity, strong-willed 3, strong 2, translucent skin 1
a: Breathe Fire, Renounce Religion, Oozemancy


You were on level 8 of the Dungeon.
You worshipped Jiyva.
Jiyva was most pleased with you.
You visited 1 branch of the dungeon, and saw 8 of its levels.
You also visited: Sewer and Ossuary.

You collected 343 gold pieces.

Inventory:

Hand Weapons
 n - a +3 dagger of venom
 o - a +2 whip of draining (weapon)
 z - a +1 vorpal trident
Missiles
 B - 2 throwing nets
Magical Staves
 E - a staff of fire
Jewellery
 d - a ring of see invisible
 t - a +4 ring of protection (right hand)
 w - a ring of wizardry (left hand)
Wands
 u - a wand of flame (12)
Scrolls
 c - a scroll of acquirement {unknown}
 g - a scroll of summoning {unknown}
 i - 2 scrolls of teleportation
 j - 2 scrolls of enchant weapon
 k - a scroll of immolation {unknown}
 l - a scroll of silence {unknown}
 m - a scroll of blinking {unknown}
 q - a scroll of poison
 v - a scroll of fear {unknown}
 x - a scroll of magic mapping {unknown}
 y - a scroll of enchant armour {unknown}
 C - a scroll of amnesia {unknown}
 D - a scroll of torment {unknown}
Potions
 a - a potion of brilliance {unknown}
 b - a potion of mutation
 e - a potion of invisibility {unknown}
 h - a potion of berserk rage {unknown}
 p - a potion of might
 r - a potion of resistance {unknown}
 s - a potion of curing {unknown}
 A - a potion of ambrosia {unknown}


   Skills:
 + Level 1.8 Fighting
 * Level 2.5 Maces & Flails
 - Level 1.7 Dodging
 - Level 1.7 Stealth
 - Level 6.0 Spellcasting
 - Level 12.0 Conjurations
 - Level 6.0 Translocations
 + Level 1.6 Evocations


You had 11 spell levels left.
You knew the following spells:

 Your Spells              Type           Power      Damage    Failure   Level
a - Gell's Gravitas       Tloc           31%        N/A       1%          3
b - Magic Dart            Conj           100%       1d8       1%          1
x - Iskenderun's Mystic   Conj/Tloc      44%        2d10      1%          4
z - Searing Ray           Conj           100%       2d8       1%          2

Your spell library contained the following spells:

 Spells                   Type           Power      Damage    Failure   Level
 Dazzling Flash           Conj/Hex       62%        N/A       1%          3
 Lesser Beckoning         Tloc           62%        N/A       1%          3
 Teleport Other           Tloc           31%        N/A       1%          3
 Fulminant Prism          Conj/Hex       15%        3d10      3%          4


Dungeon Overview and Level Annotations

Branches:
Dungeon (8/15)             Temple (0/1) D:5           Sewer (visited)
Ossuary (visited)
   Lair: D:8-11

Altars:
Dithmenos
Fedhas
Okawaru
Xom

Annotations:
D:4 3 runed translucent doors, osoart's ghost, amateur DrIE


Innate Abilities, Weirdness & Mutations

You can breathe blasts of fire.
Your fiery red scales are hard. (AC +7)
You cannot fit into any form of body armour.
Your flesh is heat resistant. (rF+)
You are cold-blooded and may be slowed by cold attacks.
You possess an exceptional clarity of mind.
You are extremely strong-willed. (Will+++)
Your muscles are very strong. (Str +8, Int/Dex -2)
Your translucent skin slightly reduces your foes' accuracy. (Stealth+)


Message History

The death yak is heavily wounded.
The walls burn the death yak!
The death yak gores you!
The walls burn the death yak!
The death yak gores you!
* * * LOW HITPOINT WARNING * * *
Unknown command.
You feel much better.
The walls burn the death yak!
The death yak barely misses you.
You hear a distant slurping noise.
The walls burn the death yak!
The death yak gores you!!
* * * LOW HITPOINT WARNING * * *
You feel much better.
The walls burn the death yak!
The death yak gores you!
* * * LOW HITPOINT WARNING * * *
The walls burn the death yak!
The death yak gores you.
* * * LOW HITPOINT WARNING * * *
Unknown command.
Casting: Iskenderun's Mystic Blast (dangerous; 1% risk of failure)
Confirm with . or Enter, or press ? or * to list all spells.
You erupt in a blast of force!
The mystic blast hits the death yak!
The death yak is heavily wounded.
The mystic blast hits the death yak.
The death yak is severely wounded.
The death yak is knocked back by the mystic blast.
The walls burn the death yak!
The death yak gores you.
* * * LOW HITPOINT WARNING * * *
The death yak attacks as you move away! The death yak gores you.
* * * LOW HITPOINT WARNING * * *
The walls burn the death yak! x2
The walls burn the death yak!
You hear a distant slurping noise.
You hear a squelching noise.
The walls burn the death yak!
The death yak attacks as you move away! The death yak barely misses you.
The walls burn the death yak!
You stop calling forth ooze.
Jiyva says: Divide and consume!
As you read the scroll of teleportation, it crumbles to dust.
You feel strangely unstable. The death yak gores you.
* * * LOW HITPOINT WARNING * * *
Unknown command.
The death yak attacks as you move away! The death yak gores you!!
You die...

#.......#...##..#
##....##....J...#
#.###.#........#
# #..........###
#.#..>.......#
..##..........#
### #Y....<....#
#Y#.#...####
#@#.#...#
#......J......#
....###.#......
.. ..####.###
.### #.# #.#


You could see 2 death yaks and 2 neutral jellies (fellow slime).

Vanquished Creatures
  Erica (D:8)
  A death yak (D:8)
  The ghost of zishaf the Cutter, a novice VSBr (D:7)
  A water moccasin (D:7)
  4 sky beasts
  An ice beast (D:5)
  3 ogres
  2 bullfrogs
  3 gnoll sergeants
  A necrophage (D:5)
  2 water moccasin zombies (Ossuary)
  3 scorpions
  7 wights
  A howler monkey (D:7)
  3 jellies (Sewer)
  An orc priest (D:5)
  2 gnoll boudas
  3 hounds
  3 iguanas
  7 orc wizards
  A hell rat (D:8)
  A mummy (Ossuary)
  23 gnolls
  7 adders
  5 river rats
  A shadow imp (D:4)
  A white imp (D:5)
  An ufetubus (D:5)
  An adder zombie (Ossuary)
  A worm (D:5)
  4 dart slugs
  19 orcs
  4 bats
  12 endoplasms
  5 giant cockroaches
  6 goblins
  9 hobgoblins
  2 jackals (D:5)
  5 kobolds
  5 quokkas
  7 ball pythons
  7 frilled lizards
  2 gnoll zombies (Ossuary)
  2 hobgoblin zombies (Ossuary)
  4 kobold zombies (Ossuary)
  4 orc zombies (Ossuary)
  5 rats
194 creatures vanquished.

Vanquished Creatures (others)
  A wyvern (D:7)
  A lemure (D:8)
  A scorpion (D:6)
  2 water moccasin zombies (Ossuary)
  A wight (D:6)
  13 jellies
  4 orc priests
  An orc wizard (D:8)
  A mummy (Ossuary)
  A gnoll (D:6)
  A white imp (D:4)
  An ufetubus (D:4)
  An adder zombie (Ossuary)
  7 orcs
  An endoplasm (D:4)
  3 gnoll zombies (Ossuary)
  A hobgoblin (D:4)
  A kobold (D:4)
  5 hobgoblin zombies (Ossuary)
  3 kobold zombies (Ossuary)
  3 orc zombies (Ossuary)
  18 demonic plants (D:4)
  2 fungi (D:4)
  2 plants (D:4)
75 creatures vanquished.

Grand Total: 269 creatures vanquished

Notes
Turn   | Place    | Note
-------+----------+-------------------------------------------
     0 | D:1      | experimilk the Draconian Conjurer began the quest for the
                  | Orb.
     0 | D:1      | Reached XP level 1. HP: 14/14 MP: 3/3
   254 | D:1      | Reached XP level 2. HP: 20/20 MP: 1/5
   257 | D:1      | Learned a level 2 spell: Searing Ray
  1054 | D:2      | Found a shimmering altar of Xom.
  1090 | D:2      | Reached skill level 5 in Conjurations
  1091 | D:2      | Reached XP level 3. HP: 26/26 MP: 1/6
  1553 | D:2      | Identified the +2 ring mail of the Painted God {+Inv rElec
                  | Int+3 Slay+3}
  1999 | D:3      | Reached XP level 4. HP: 33/33 MP: 1/7
  2004 | D:3      | Learned a level 4 spell: Iskenderun's Mystic Blast
  2621 | D:3      | Found an iron altar of Okawaru.
  2679 | D:4      | Reached skill level 6 in Conjurations
  3112 | D:4      | Reached XP level 5. HP: 38/38 MP: 2/8
  3208 | D:4      | Found a glowing drain.
  3213 | Sewer    | Entered a sewer
  3425 | Sewer    | Reached skill level 7 in Conjurations
  3627 | Sewer    | Reached XP level 6. HP: 45/45 MP: 1/9
  3948 | Sewer    | Found a viscous altar of Jiyva.
  4021 | Sewer    | Became a worshipper of Jiyva Jyistipp the Shapeless
  4090 | D:4      | Reached skill level 8 in Conjurations
  4201 | D:4      | Found a runed translucent gate.
  4202 | D:4      | Found a runed translucent gate.
  4202 | D:4      | Noticed osoart's ghost (amateur DrIE)
  4674 | D:4      | Reached * piety under Jiyva
  4717 | D:4      | Found a runed translucent gate.
  5031 | D:4      | Your scales start taking on a fiery red colour.
  5031 | D:4      | Reached XP level 7. HP: 50/50 MP: 4/10
  5031 | D:4      | Gained mutation: Your flesh is heat resistant. (rF+) [Red
                  | Draconian growth]
  5373 | D:5      | Entered Level 5 of the Dungeon
  5402 | D:5      | Reached ** piety under Jiyva
  5476 | D:5      | Reached skill level 9 in Conjurations
  5565 | D:5      | Found a sand-covered staircase.
  5604 | Ossuary  | Entered an ossuary
  5891 | D:5      | Found a staircase to the Ecumenical Temple.
  6105 | D:5      | Reached *** piety under Jiyva
  6173 | D:5      | Gained mutation: You possess an exceptional clarity of
                  | mind. [Jiyva's grace]
  6173 | D:5      | Gained mutation: You are strong-willed. (Will+) [Jiyva's
                  | grace]
  6173 | D:5      | Gained mutation: You are highly strong-willed. (Will++)
                  | [Jiyva's grace]
  6173 | D:5      | Gained mutation: You are extremely strong-willed. (Will+++)
                  | [Jiyva's grace]
  6190 | D:5      | Reached skill level 10 in Conjurations
  6205 | D:5      | Upgraded the game from 0.30-a0-381-g6ea064c7b4 to
                  | 0.30-a0-385-gfebfb9b408
  6635 | D:5      | Reached XP level 8. HP: 57/57 MP: 0/11
  6743 | D:5      | Found a shadowy altar of Dithmenos.
  6746 | D:5      | Found a blossoming altar of Fedhas.
  6894 | D:6      | Reached **** piety under Jiyva
  7036 | D:6      | Learned a level 3 spell: Gell's Gravitas
  7106 | D:6      | Reached skill level 1 in Translocations
  7367 | D:6      | Reached skill level 11 in Conjurations
  7933 | D:7      | Reached XP level 9. HP: 62/62 MP: 11/15
  8352 | D:7      | Lost mutation: You possess an exceptional clarity of mind.
                  | [Jiyva's grace]
  8352 | D:7      | Gained mutation: Your muscles are strong. (Str +4, Int/Dex
                  | -1) [Jiyva's grace]
  8352 | D:7      | Gained mutation: Your muscles are very strong. (Str +8,
                  | Int/Dex -2) [Jiyva's grace]
  8352 | D:7      | Gained mutation: You possess an exceptional clarity of
                  | mind. [Jiyva's grace]
  8352 | D:7      | Gained mutation: Your translucent skin slightly reduces
                  | your foes' accuracy. (Stealth+) [Jiyva's grace]
  8419 | D:7      | Reached skill level 5 in Spellcasting
  8484 | D:7      | Reached skill level 12 in Conjurations
  8529 | D:7      | Found a large runed translucent door.
  8529 | D:7      | Found a large runed translucent door.
  8531 | D:7      | Noticed zishaf's ghost (novice VSBr)
  8639 | D:7      | Killed zishaf's ghost
  8708 | D:8      | Noticed Erica
  8718 | D:8      | Killed Erica
  8734 | D:8      | Noticed a death yak
  8734 | D:8      | Noticed a death yak
  8744 | D:8      | Noticed a death yak
  8752 | D:8      | Killed a death yak
  8753 | D:8      | Reached skill level 1 in Fighting
  8753 | D:8      | Reached skill level 1 in Evocations
  8753 | D:8      | Reached XP level 10. HP: 39/73 MP: 2/19
  8758 | D:8      | HP: 3/73 [death yak (3)]
  8763 | D:8      | Demolished by a death yak

Illustrated notes

Levels and vault maps discovered:
D:1:      ncdulo_smallfort, layout_rooms
D:2:      layout_basic, basic_altar
D:3:      layout_basic, lemuel_doored_altar, st_stairs_14
D:4:      layout_layer_cave, gammafunk_ghost_nasty_kobolds, serial_demonic,
          serial_demonic_g, serial_demonic_b, serial_demonic_f,
          serial_demonic_f, serial_demonic_f, portal_sewer_entry_e,
          mrwooster_statue_mirror
D:5:      layout_layer_cave, chequers_temple_overflow_statue_of_worship,
          minmay_temple_entry_statues, nicolae_ossuary_entry_false_entrances
D:6:      layout_gridville
D:7:      layout_rooms, ebering_ghost_disaster_area, minivault_27
D:8:      layout_loops_ring, dpeg_lair_monsters, kennysheep_generic_room_8,
          uniq_pikel, uniq_maurice, uniq_erica

Skill      XL: |  1  2  3  4  5  6  7  8  9 |
---------------+----------------------------+-----
Conjurations   | 5 6 7 8 10 11 12 | 12.0
Translocations | 2 6 |  6.0
Spellcasting   | 4 6 |  6.0
Fighting       | 1 |  1.8
Maces & Flails | 2 |  2.5
Evocations     | 1 |  1.6
Dodging        | |  1.7
Stealth        | |  1.7

Action                   |  1- 3 |  4- 6 |  7- 9 | 10-12 || total
-------------------------+-------+-------+-------+-------++-------
Melee: Unarmed           |    14 |       |       |       ||    14
       Short sword       |    13 |       |       |       ||    13
       Tailslap          |     4 |     3 |     8 |       ||    15
       Dagger            |     9 |     3 |       |       ||    12
       Whip              |     1 |    17 |    59 |     2 ||    79
 Cast: Magic Dart        |    85 |    67 |    85 |       ||   237
       Searing Ray       |     9 |    22 |    68 |       ||    99
       Iskenderun's Myst |       |       |    12 |     1 ||    13
       Gell's Gravitas   |       |       |    14 |       ||    14
Invok: Oozemancy         |       |       |     5 |       ||     5
 Abil: Breathe Fire      |       |       |     7 |       ||     7
  Use: Scroll            |     2 |     3 |     3 |     1 ||     9
       Potion            |     1 |     1 |       |     2 ||     4
Armor: Skin              |     8 |    15 |    96 |       ||   119
Dodge: Dodged            |    22 |    34 |   132 |     2 ||   190

Table legend: (Time is in decaauts)
 A = Elapsed time spent in this place.
 B = Non-inter-level travel time spent in this place.
 C = Inter-level travel time spent in this place.
 D = Time resting spent in this place.
 E = Time spent auto-exploring this place.
 F = Levels seen in this place.
 G = Mean time per level.
                   A        B        C        D        E       F      G
               +--------+--------+--------+--------+--------+-----+--------+
         Total |   8794 |   8585 |    209 |   1846 |   5047 |  10 |  879.4 |
       Dungeon |   7666 |   7457 |    209 |   1267 |   4750 |   8 |  958.2 |
         Sewer |    858 |    858 |      0 |    420 |    296 |   1 |  858.0 |
       Ossuary |    269 |    269 |      0 |    159 |      0 |   1 |  269.0 |
               +--------+--------+--------+--------+--------+-----+--------+

Top non-repeatable levels by time:
     D:4: 1594 daAuts
     D:5: 1319 daAuts
     D:3: 1193 daAuts
     D:1: 1034 daAuts
     D:6: 952 daAuts
   Sewer: 858 daAuts
     D:7: 800 daAuts
     D:2: 717 daAuts
 Ossuary: 269 daAuts
     D:8: 54 daAuts
